cohdb
Replays
Latest Replays
All Replays
Popular Replays
Top Player Replays
Match Explorer
How It Works
Community
CoH3 Stats
Reddit
Sign in to upload your games and track your stats! →
Sign in with Steam
Match 45431876
Unlisted
Match 45431876
Overview
Messages
Build Orders
End
Construct Section Command Post
Selects Canadian Shock Battlegroup
Dingo Light Scout Car
Infantry Section
Infantry Section
Selects Attacking Spirit
Selects Canadian Shock Section
Canadian Shock Section
Construct Platoon Command Post
Humber Armored Car
Selects Incendiary Munitions
Humber Armored Car
Canadian Shock Section
Selects Pyrotechnics
6-pounder Anti-tank Gun Team
Construct Company Command Post
Crusader II Medium Tank
Crusader II Medium Tank
Selects Smoke Operation
Crusader II Medium Tank
Smoke Operation
Selects Demolition Engineering
Demolition Engineering
Smoke Operation
Demolition Engineering
Unlock Towed 17-pounder Anti-tank Guns
Smoke Operation
MC
Stormless
Rutherford B. Hayes
16 Czechoslovakians
0
0
Comments
sign in to comment!
No comments posted yet!